 Dungeon Crawl Stone Soup version 0.29.1-13-g9f3cf754e1 (webtiles) character file.

Game seed: 15658796919436176873

1539 Thatpatchoflichen the Shield-Bearer (level 8, -2/83 HPs)
             Began as an Ogre Fighter on Jan 31, 2023.
             Slain by a two-headed ogre
             ... wielding a +0 giant club
              (21 damage)
             ... on level 7 of the Dungeon.
             The game lasted 00:20:16 (9016 turns).

Thatpatchoflichen the Shield-Bearer (Ogre Fighter)  Turns: 9016, Time: 00:20:18

Health: -2/83      AC:  5    Str: 21    XL:     8   Next: 86%
Magic:  8/8        EV:  9    Int:  9    God:
Gold:   278        SH:  9    Dex: 10    Spells: 7/7 levels left

rFire   . . .      SeeInvis .   v - +7 Singing Sword {vorpal, sonic wave}
rCold   . . .      Faith    .   c - +0 kite shield
rNeg    . . .      Spirit   .   b - +0 robe
rPois   .          Reflect  .   (helmet restricted)
rElec   .          Harm     .   G - +1 cloak
rCorr   .          Rampage  .   (gloves unavailable)
Will    .....                   (boots unavailable)
Stlth   +.........              (no amulet)
HPRegen 0.23/turn               (no ring)
MPRegen 0.11/turn               (no ring)

@: no status effects
A: large, unfitting armour, tough skin 1
a: no special abilities


You were on level 7 of the Dungeon.
You visited 2 branches of the dungeon, and saw 8 of its levels.

You collected 278 gold pieces.

Inventory:

Hand Weapons
 a - a +0 long sword
 v - the +7 Singing Sword (weapon) {vorpal, sonic wave}
   (You found it on level 3 of the Dungeon)

   It inflicts extra damage upon your enemies.
   It radiates damaging sonic waves as it strikes, especially in combat
   involving dangerous or numerous foes.
Missiles
 e - 3 poisoned darts (quivered)
 j - 6 boomerangs
 C - 3 silver boomerangs
Armour
 b - a +0 robe (worn)
 c - a +0 kite shield (worn)
 w - a +0 helmet
 G - a +1 cloak (worn)
Magical Staves
 D - a staff of earth
Jewellery
 i - a ring of ice
 z - a ring of ice
Scrolls
 f - 3 scrolls of silence {unknown}
 l - 2 scrolls of amnesia {unknown}
 n - 2 scrolls of vulnerability {unknown}
 p - 3 scrolls of teleportation {unknown}
 q - a scroll of magic mapping {unknown}
 r - 2 scrolls of immolation {unknown}
 s - a scroll of fear {unknown}
 t - 9 scrolls of identify {unknown}
 u - 2 scrolls of enchant weapon {unknown}
 y - a scroll of brand weapon {unknown}
 A - a scroll of summoning {unknown}
 B - a scroll of poison {unknown}
 E - 2 scrolls of enchant armour {unknown}
Potions
 d - 4 potions of might
 h - a potion of degeneration {unknown}
 k - a potion of attraction {unknown}
 m - 4 potions of brilliance {unknown}
 o - a potion of cancellation {unknown}
 x - 3 potions of curing {unknown}
 F - a potion of mutation {unknown}


   Skills:
 + Level 6.1 Fighting
 + Level 6.0 Long Blades
 + Level 4.1 Dodging
 + Level 7.7 Shields


You had 7 spell levels left.
You didn't know any spells.
Your spell library contained the following spells:

 Spells                   Type           Power      Damage    Failure   Level
 Apportation              Tloc           0%         N/A       63%         1
 Ensorcelled Hibernation  Hex/Ice        0%         N/A       77%         2
 Scorch                   Fire           0%         2d5       77%         2
 Ozocubu's Armour         Ice            0%         N/A       94%         3
 Portal Projectile        Hex/Tloc       0%         N/A       94%         3
 Spider Form              Tmut/Pois      0%         N/A       94%         3
 Tukima's Dance           Hex            0%         N/A       94%         3
 Anguish                  Hex/Necr       0%         N/A       100%        4
 Flame Wave               Conj/Fire      0%         2d4       100%        4
 Petrify                  Tmut/Erth      0%         N/A       100%        4
 Alistair's Intoxication  Tmut/Pois      0%         N/A       100%        5
 Blade Hands              Tmut           0%         N/A       100%        5
 Freezing Cloud           Conj/Ice/Air   0%         6-21      100%        5
 Metabolic Englaciation   Hex/Ice        0%         N/A       100%        5
 Conjure Ball Lightning   Conj/Air       0%         3x3d6     100%        6
 Simulacrum               Ice/Necr       0%         N/A       100%        6
 Statue Form              Tmut/Erth      0%         N/A       100%        6
 Summon Cactus Giant      Summ           0%         N/A       100%        6
 Discord                  Hex            0%         N/A       100%        8
 Disjunction              Tloc           0%         N/A       100%        8
 Polar Vortex             Ice            0%         N/A       100%        9


Dungeon Overview and Level Annotations

Branches:
Dungeon (7/15)             Temple (1/1) D:5

Altars:
Ashenzari
Cheibriados
Dithmenos
Elyvilon
Fedhas
Gozag
Hepliaklqana
Kikubaaqudgha
Makhleb
Nemelex Xobeh
Qazlal
Ru
Sif Muna
Trog
Uskayaw
Vehumet
Wu Jian
Xom
Yredelemnul
Zin
The Shining One

Shops:
D:5 (

Annotations:
D:2 1 runed translucent door, Crazy Yiuf


Innate Abilities, Weirdness & Mutations

You are too large for most types of armour.
You have tough skin. (AC +1)


Message History

You see here 5 stones.
There is a stone staircase leading up here.
There is a stone staircase leading up here.
There is an open door here.
There is a stone staircase leading up here.
There is an open door here.
Done exploring.
There is an open door here.
There is an open door, spattered with blood here.
There is a stone staircase leading down here.
You climb downwards.
There is a stone staircase leading up here.
p - 3 scrolls labelled HIORAM IHYSSUE (gained 1)
Found a pair of gloves.
A two-headed ogre comes into view. It is wielding two +0 giant clubs.
The two-headed ogre shouts in stereo!
You see here a +0 pair of gloves.
You barely miss the two-headed ogre.
The two-headed ogre hits you with a +0 giant club!
You block the two-headed ogre's attack.
You slash the two-headed ogre!
The two-headed ogre is moderately wounded.
The two-headed ogre hits you with a +0 giant club!!
You block the two-headed ogre's attack.
You barely miss the two-headed ogre.
The two-headed ogre is moderately wounded.
The two-headed ogre hits you with a +0 giant club!
The two-headed ogre barely misses you.
You slash the two-headed ogre!
The two-headed ogre is severely wounded.
The two-headed ogre hits you with a +0 giant club!
* * * LOW HITPOINT WARNING * * *
The two-headed ogre completely misses you.
You hit the two-headed ogre.
The Singing Sword teaches, "Practice makes perfect!"
You send a blast of sound all around you.
The two-headed ogre is almost dead. x2
You hear a shout!
You hear an angry hiss. x3
The two-headed ogre hits you with a +0 giant club!!
You die...

######
#<...#
####.# #.#
#.#
###.#####
#.......#
#.#.###.###
#.#..@.[..#
# ###O....#
#.....#
..........
#.##....###
#. #....# #
.......
######.


You could see a two-headed ogre.

Vanquished Creatures
  Prince Ribbit (D:6)
  Sigmund (D:2)
  An ice beast (D:5)
  An orc warrior (D:4)
  An ogre (D:6)
  A black bear (D:5)
  2 phantoms
  A bullfrog (D:6)
  A necrophage (D:5)
  A howler monkey (D:5)
  4 orc priests
  3 hounds (D:6)
  A jelly (D:6)
  Natasha (thrice) (D:1)
  An iguana (D:5)
  4 gnolls
  3 adders
  A shadow imp (D:6)
  2 worms
  2 dart slugs (D:4)
  17 orcs
  2 ball pythons (D:1)
  7 endoplasms
  5 giant cockroaches
  6 goblins
  10 hobgoblins
  4 jackals
  8 kobolds
  4 quokkas
  6 bats
  2 frilled lizards
  5 rats
111 creatures vanquished.

Notes
Turn   | Place    | Note
-------+----------+-------------------------------------------
     0 | D:1      | Thatpatchoflichen the Ogre Fighter began the quest for the
                  | Orb.
     0 | D:1      | Reached XP level 1. HP: 24/24 MP: 1/1
   284 | D:1      | Reached XP level 2. HP: 30/32 MP: 2/2
   607 | D:1      | Reached XP level 3. HP: 13/40 MP: 3/3
  1378 | D:2      | Noticed Natasha
  1400 | D:1      | Killed Natasha
  1401 | D:1      | Reached XP level 4. HP: 24/49 MP: 4/4
  1549 | D:1      | Noticed Natasha
  1554 | D:1      | Killed Natasha
  1644 | D:1      | Noticed Natasha
  1656 | D:1      | Killed Natasha
  1657 | D:1      | Reached skill level 5 in Fighting
  1804 | D:2      | Found a blossoming altar of Fedhas.
  2053 | D:2      | Reached XP level 5. HP: 19/57 MP: 5/5
  2374 | D:2      | Noticed Sigmund
  2438 | D:2      | Found a faded altar of an unknown god.
  2891 | D:4      | Noticed a phantom
  3872 | D:3      | Reached skill level 4 in Shields
  3944 | D:3      | Found the +7 Singing Sword {vorpal, sonic wave}
  4398 | D:4      | Noticed an orc warrior
  4479 | D:5      | Entered Level 5 of the Dungeon
  4551 | D:3      | Reached XP level 6. HP: 34/66 MP: 6/6
  5448 | D:4      | Killed an orc warrior
  5537 | D:4      | Reached XP level 7. HP: 75/75 MP: 7/7
  5815 | D:2      | Killed Sigmund
  5816 | D:2      | Reached skill level 5 in Shields
  5892 | D:2      | Found a runed translucent door.
  5893 | D:2      | Noticed Crazy Yiuf
  6147 | D:5      | Found a blossoming altar of Fedhas.
  6313 | D:5      | Reached skill level 6 in Shields
  6324 | D:5      | Reached skill level 5 in Long Blades
  6324 | D:5      | Reached XP level 8. HP: 12/83 MP: 8/8
  6675 | D:6      | Noticed Prince Ribbit
  6963 | D:5      | Found a staircase to the Ecumenical Temple.
  6999 | Temple   | Entered the Ecumenical Temple
  7352 | D:5      | Found Heal Kirgh's Weapon Shop.
  7397 | D:5      | Found a stormy altar of Qazlal.
  7397 | D:5      | Found a broken altar of Ashenzari.
  7400 | D:5      | Found a shimmering altar of Xom.
  7586 | D:6      | Found a burning altar of Makhleb.
  7870 | D:6      | Reached skill level 7 in Shields
  8192 | D:6      | Killed Prince Ribbit
  9009 | D:7      | Noticed a two-headed ogre
  9016 | D:7      | Slain by a two-headed ogre

Illustrated notes

Levels and vault maps discovered:
D:1:      dpeg_arrival_solitude, layout_loops_ring
D:2:      layout_loops_ring, basic_ecumenical_altar, basic_altar, uniq_sigmund,
          uniq_crazy_yiuf_cottage, uniq_natasha
D:3:      cheibrodos_greedy_goblins, layout_basic, minmay_unequal
D:4:      layout_cave_pools, serial_column_ruins, column_ruins_hut,
          column_ruins_hut, column_ruins_corridor_T, column_ruins_open_small,
          column_ruins_open_small
D:5:      layout_loops_ring, fedhas_altar_2,
          gammafunk_temple_overflow_forgotten, minmay_temple_entry_waves,
          serial_shops, kennysheep_mini_moat
D:6:      layout_loops_corners, marbit_many_paths,
          minmay_misc_feat_more_columns, minmay_misc_feat_diagonals,
          uniq_prince_ribbit1
D:7:      layout_basic, general_overflow_altar, serial_rivers,
          chequers_serial_rivers_small_3, chequers_serial_rivers_large_b,
          chequers_serial_rivers_small_a, chequers_serial_rivers_room_b,
          hangedman_misty_isle
Temple:   lightli_temple_of_artemis

Skill      XL: |  1  2  3  4  5  6  7  8 |
---------------+-------------------------+-----
Long Blades    | 2 3 5 6 |  6.0
Dodging        | 3 4 |  4.1
Fighting       | 5 6 |  6.1
Shields        | 4 6 7 |  7.7

Action                   |  1- 3 |  4- 6 |  7- 9 || total
-------------------------+-------+-------+-------++-------
Melee: Long sword        |    99 |   133 |       ||   232
       Double sword      |       |    37 |    73 ||   110
 Stab: Sleeping          |       |     1 |       ||     1
Armor: Robe              |    31 |    63 |    13 ||   107
Dodge: Dodged            |    36 |    88 |    27 ||   151
Block: Kite shield       |    47 |   110 |    32 ||   189
